 Dungeon Crawl Stone Soup version 0.20.1-1-g8b1a95d66d (webtiles) character file.

1187 andriiy the Spear-Bearer (level 8, -7/69 HPs)
             Began as a Minotaur Fighter on Dec 6, 2017.
             Was a Follower of Trog.
             Mangled by a steam dragon (8 damage)
             ... on level 5 of the Dungeon.
             The game lasted 00:17:52 (3890 turns).

andriiy the Spear-Bearer (Minotaur Fighter)         Turns: 3890, Time: 00:17:53

Health: -7/69      AC:  8    Str: 22    XL:     8   Next: 19%
Magic:  7/7        EV: 13    Int:  5    God:    Trog [*.....]
Gold:   341        SH: 11    Dex: 16    Spells: 7/7 levels left

rFire    . . .     SeeInvis .   a - +2 trident
rCold    + . .     Gourm    .   c - +0 shield
rNeg     . . .     Faith    .   A - +1 scale mail {rC+}
rPois    .         Spirit   .   (helmet restricted)
rElec    .         Reflect  .   (no cloak)
rCorr    .         Harm     .   (no gloves)
MR       .....                  (no boots)
Stlth    +.........             (no amulet)
Regen    0.3/turn               (no ring)
MPRegen  0.1/turn               (no ring)

@: agile, lethally poisoned (-7 -> -14), flying
A: retaliatory headbutt, horns 2
a: Berserk, Burn Spellbooks, Renounce Religion


You were on level 5 of the Dungeon.
You worshipped Trog.
Trog was aware of your devotion.
You were hungry.

You visited 1 branch of the dungeon, and saw 5 of its levels.

You collected 341 gold pieces.

Inventory:

Hand Weapons
 a - a +2 trident (weapon)
Missiles
 t - 7 tomahawks (quivered)
Armour
 c - a +0 shield (worn)
 n - a +0 pair of gloves
 x - a +0 pair of gloves
 A - a +1 scale mail of cold resistance (worn)
Jewellery
 i - an uncursed ring of protection from fire {unknown}
 l - an uncursed ring of poison resistance {unknown}
 y - a +6 ring of intelligence {unknown}
Wands
 w - a wand of flame (48/48)
Scrolls
 e - 2 scrolls of remove curse
 g - a scroll of recharging
 r - a scroll of fear
 s - 4 scrolls of amnesia
 v - a scroll of noise {unknown}
Potions
 k - a potion of cancellation
 m - a potion of agility
 o - a potion of flight
 p - a potion of heal wounds {unknown}
 q - a potion of resistance {unknown}
 u - a potion of degeneration {unknown}
Comestibles
 b - 2 fruits
 f - 2 bread rations
 h - 6 meat rations
 z - a royal jelly


   Skills:
 + Level 5.5 Fighting
 * Level 8.1 Polearms
 + Level 6.1 Armour
 + Level 0.6 Stealth
 + Level 6.7 Shields


You had 7 spell levels left.
You didn't know any spells.

Dungeon Overview and Level Annotations

Branches:
Dungeon (5/15)
 Temple: D:4-7

Altars:
Ashenzari
Trog
Zin
The Shining One


Innate Abilities, Weirdness & Mutations

You reflexively headbutt those who attack you in melee.
You have a pair of horns on your head.


Message History

* * * LOW HITPOINT WARNING * * *
You feel sick.
It was a potion of cancellation.
Your magical effects are unravelling.
You feel magically purged.
You feel a little less mighty now.
You are no longer glowing.
* * * LOW HITPOINT WARNING * * *
You feel sick.
It was a potion of flight.
You feel very buoyant.
You fly up into the air.
* * * LOW HITPOINT WARNING * * *
You feel sick.
The steam dragon bites you but does no damage.
You block the steam dragon's attack.
It was a potion of agility.
You feel agile all of a sudden.
* * * LOW HITPOINT WARNING * * *
You feel sick. The steam dragon bites you!
You die...

#. #######+#######.. .<
#≈≈≈≈≈≈.≈≈≈≈≈≈#.# #.
#≈≈≈≈.....≈≈≈≈#.# ##.
#≈≈≈.......≈≈≈#.# ##..
#≈≈....♣..@D≈≈#.## ##...
#≈...≈≈.≈≈...≈#..######....
#≈...≈...≈...≈#...)........
+...♣..♣..♣...'..####.#....
#≈...≈...≈...≈#........#...
#≈...≈≈.≈≈÷..≈#..####..#...
#≈≈....♣..÷.≈≈#........)..#
#≈≈≈.......≈≈≈#..>.....####
#≈≈≈≈.....≈≈≈≈#..####.##


You could see a steam dragon.

Vanquished Creatures
  Pikel (D:4)
  The ghost of qepasa the Vexing, a novice FoEn of Yredelemnul (D:5)
  A centaur (D:5)
  A scorpion (D:5)
  2 orc wizards (D:5)
  A hound (D:5)
  A centaur skeleton (D:5)
  2 worker ants (D:4)
  2 gnolls (D:1)
  4 adders
  2 oozes (D:1)
  2 worms (D:2)
  A dart slug (D:2)
  2 leopard geckos
  2 orcs
  3 ball pythons
  8 bats
  3 giant cockroaches
  5 goblins
  10 hobgoblins
  12 jackals
  2 quokkas (D:3)
  3 frilled lizards
  A jackal skeleton (D:4)
  7 kobolds
  10 rats
89 creatures vanquished.

Vanquished Creatures (others)
  2 hounds (D:4)
  An orc (D:4)
3 creatures vanquished.

Grand Total: 92 creatures vanquished

Notes
Turn   | Place    | Note
-------+----------+-------------------------------------------
     0 | D:1      | andriiy the Minotaur Fighter began the quest for the Orb.
     0 | D:1      | Reached XP level 1. HP: 19/19 MP: 0/0
    77 | D:1      | Reached XP level 2. HP: 25/26 MP: 1/1
   242 | D:1      | Reached XP level 3. HP: 26/33 MP: 2/2
   288 | D:1      | Reached skill level 3 in Polearms
   587 | D:1      | Reached XP level 4. HP: 36/40 MP: 3/3
  1079 | D:2      | Found a bloodstained altar of Trog.
  1080 | D:2      | Found a glowing silver altar of Zin.
  1090 | D:2      | Found a shattered altar of Ashenzari.
  1131 | D:2      | Became a worshipper of Trog the Wrathful
  1207 | D:2      | Found a glowing golden altar of the Shining One.
  1707 | D:3      | Reached skill level 4 in Polearms
  2409 | D:3      | Reached XP level 5. HP: 45/47 MP: 4/4
  2722 | D:4      | Noticed a slave
  2725 | D:4      | Noticed Pikel
  2728 | D:4      | Noticed a slave
  2736 | D:4      | Noticed a slave
  2744 | D:4      | Noticed a slave
  2744 | D:4      | Killed Pikel
  2744 | D:4      | Reached skill level 5 in Fighting
  2744 | D:4      | Reached skill level 6 in Polearms
  2744 | D:4      | Reached skill level 5 in Armour
  2744 | D:4      | Reached skill level 5 in Shields
  2744 | D:4      | Reached XP level 6. HP: 32/56 MP: 5/5
  2744 | D:4      | Reached XP level 7. HP: 35/61 MP: 6/6
  2899 | D:4      | Reached * piety under Trog
  3661 | D:5      | Entered Level 5 of the Dungeon
  3698 | D:5      | Reached skill level 7 in Polearms
  3817 | D:5      | Noticed a steam dragon
  3856 | D:5      | Noticed qepasa's ghost (novice FoEn)
  3884 | D:5      | Killed qepasa's ghost
  3884 | D:5      | Reached skill level 8 in Polearms
  3884 | D:5      | Reached XP level 8. HP: 31/69 MP: 7/7
  3887 | D:5      | HP: 3/69 [poisoned by qepasa's ghost]
  3889 | D:5      | HP: 1/69 [poisoned by qepasa's ghost]
  3890 | D:5      | Mangled by a steam dragon

Skill      XL: |  1  2  3  4  5  6  7 |
---------------+----------------------+-----
Shields        | 4 5 6 |  6.7
Fighting       | 4 5 |  5.5
Polearms       | 3 4 6 8 |  8.1
Armour         | 4 5 6 |  6.1
Stealth        | |  0.6

Action                   |  1- 3 |  4- 6 |  7- 9 || total
-------------------------+-------+-------+-------++-------
Melee: Trident           |    99 |   113 |    74 ||   286
       Headbutt          |    15 |    14 |    15 ||    44
Invok: Burn Spellbooks   |       |       |     1 ||     1
  Use: Scroll            |       |     9 |       ||     9
       Potion            |       |       |     5 ||     5
  Eat: Chunk             |       |     5 |     4 ||     9
Armor: Scale mail        |    54 |    35 |    35 ||   124
Dodge: Dodged            |    41 |    29 |    10 ||    80
Block: Shield            |    63 |    62 |    33 ||   158
